← All builds
Geo / Armada / Economy first / OBSERVED BUILD

Standard geo

Armada Geo build order · Supreme Isthmus

The role's usual economy-first play: geothermal into T2 constructor and Advanced Geothermal, then T2 units like Starlight brought to front for the team.

Usually blows up the commander for T2 (72%)

#eco #t2 #team support · 1310 distinct matches · 230 players · 55% of Armada Geo games · team won 55% of 1529 · Recently observed

HOW TO PLAY IT

Key timing: T2 constructor by 4:55

  1. Open 2 mex and wind, then Bot Lab by 0:35.
  2. Rush geothermal powerplant to fund T2 ahead of other roles.
  3. Get T2 constructor out to start building T2 units.
  4. Add Vehicle Plant and Advanced Geothermal for the T2 push.
  5. Fly first Starlight to front with a transport from Air.

Phase by phase

TYPICAL OF ITS 1310 GAMES
  1. 1
  2. 2
  3. 3
  4. 4
PLAY THE OPENING

Follow the example game's first 6:00 step by step: what to build now, what comes next, and where it goes. At 1× it keeps pace with your own game.

  1. 1

    Up to the Bot Lab

    Economy
    • Metal Extractor3Mex
    • Wind Turbine4Wind
    Order
    1. Bot LabBot Lab after 3 mex, 4 winddone ~1:11, middle half 0:58–1:21

    By 0:55 in all: 3 mex · 4 wind

    The example game in this phase · 3 steps
    1. Mex ×2
    2. Wind ×3
    3. Bot LabBot Labdone 0:51 · typical 1:11
  2. 2

    Bot Lab to 5:00

    Economy
    • Metal Extractor2Mex
    • Wind Turbine3Wind
    • Energy Converter8Converter
    • Energy Storage1Energy storage
    Order
    1. Geothermal PowerplantGeo after 4 mex, 5 wind, 1 energy storage
    2. Bot LabEat Bot Lab
    Builders
    • Construction Turret5 Con turret
    • Lazarus4 Lazarus
    • Construction Bot2 Con bot
    • Construction Bot1 Con bot for allies
    • Lazarus1 Lazarus for allies

    By 5:00 in all: 4 mex · 7 wind · 1 geo · 8 converter · 1 energy storage · 5 con turret

    The example game in this phase · 22 steps
    1. Construction BotCon bot
    2. Wind ×4
    3. Construction BotCon bot
    4. LazarusLazarus
    5. Mex
    6. Wind
    7. LazarusLazarus
    8. Wind
    9. Mex
    10. Energy storage
    11. LazarusLazarus
    12. LazarusLazarusfor Beach sea
    13. LazarusLazarus
    14. Geothermal PowerplantGeodone 3:03 · typical 3:29
    15. Bot LabEat Bot Labreclaimed for its metal
    16. Con turret ×2
    17. NettleNettle
    18. Converter ×8
    19. Con turret
    20. Energy storage
    21. Con turret ×3
    22. Radar TowerRadar Tower
  3. 3

    5:00 to Vehicle Plant

    Order
    1. Advanced Geothermal PowerplantAdvanced Geothermal Powerplant after 8 wind, 10 converter, 6 con turretin 57% of games
    2. Vehicle PlantVehicle Plant after 9 wind, 10 converter, 6 con turretdone ~7:06, middle half 6:39–7:32

    Some games also: con turret (49%) · converter (49%) · wind (41%)

    By 6:56 in all: 4 mex · 9 wind · 1 geo · 1 Advanced Geothermal Powerplant · 10 converter · 1 energy storage

    The example game in this phase · 7 steps
    1. Advanced Metal ExtractorT2 mex ×3done 5:30 · typical 5:38
    2. Bot LabBot Labdone 5:35
    3. PawnPawn ×3
    4. Bot LabEat Bot Labreclaimed for its metal
    5. Advanced Metal ExtractorT2 mex
    6. Advanced Geothermal PowerplantAdvanced Geothermal Powerplantdone 7:10 · typical 7:11
    7. Vehicle PlantVehicle Plantdone 7:15 · typical 7:06
  4. 4

    Vehicle Plant to 10:00

    Economy
    • Wind Turbine5Wind
    • Energy Converter4Converter
    Order
    1. Advanced Vehicle PlantAdvanced Vehicle Plant after 10 wind, 11 converter, 6 con turret
    2. Vehicle PlantEat Vehicle Plant
    Builders
    • Construction Vehicle1 Con vehicle
    • Advanced Construction Vehicle1 T2 con vehicle for allies
    Army
    • Starlight2 Starlight
    • Umbra1 Jammer
    • Prophet1 Radar vehicle

    Some games also: con turret (48%) · Jaguar (36%)

    By 10:00 in all: 4 mex · 18 wind · 1 geo · 1 Advanced Geothermal Powerplant · 16 converter · 1 energy storage

    The example game in this phase · 135 steps
    1. Dragon's TeethDragon's Teeth
    2. Construction VehicleCon vehicle
    3. Dragon's TeethDragon's Teeth ×5
    4. GroundhogGroundhog
    5. Dragon's TeethDragon's Teeth ×2
    6. Advanced Vehicle PlantAdvanced Vehicle Plantdone 7:45 · typical 8:02
    7. Dragon's TeethDragon's Teeth ×2
    8. GroundhogGroundhog
    9. Dragon's TeethDragon's Teeth
    10. BeholderBeholder
    11. ShredderShredderdone 7:57
    12. Vehicle PlantEat Vehicle Plantreclaimed for its metal
    13. ShredderShredder
    14. BeholderBeholder
    15. ShredderShredder
    16. BeholderBeholder
    17. Advanced Construction VehicleT2 con vehicle
    18. StarlightStarlightdone 8:43 · typical 9:03
    19. Medium MineMedium Mine ×5
    20. StarlightStarlight
    21. Medium MineMedium Mine ×7
    22. UmbraJammer
    23. ProphetRadar vehicle
    24. Medium MineMedium Mine
    25. Con turret
    26. Medium MineMedium Mine
    27. Pit BullPit Bull
    28. JaguarJaguar
    29. Medium MineMedium Mine ×2
    30. JaguarJaguar
    31. Medium MineMedium Mine ×2
    32. Pit BullPit Bull
    33. StarlightStarlight
    34. Medium MineMedium Mine ×5
    35. Con turret
    36. Medium MineMedium Mine ×3
    37. Con turret
    38. StarlightStarlight
    39. Medium MineMedium Mine ×4
    40. Wind
    41. JaguarJaguar
    42. Wind
    43. Medium MineMedium Mine ×2
    44. Con turret
    45. JaguarJaguar
    46. Wind
    47. Medium MineMedium Mine ×2
    48. Converter
    49. JaguarJaguar
    50. Medium MineMedium Mine ×2
    51. Wind ×2
    52. JaguarJaguar
    53. Medium MineMedium Mine ×2
    54. Advanced Metal ExtractorT2 mex
    55. Medium MineMedium Mine ×2
    56. Wind
    57. JaguarJaguar
    58. Wind
    59. Medium MineMedium Mine ×2
    60. Wind ×2
    61. Advanced Construction VehicleT2 con vehiclefor Front
    62. Wind
    63. Medium MineMedium Mine ×2
    64. Wind
    65. Converter
    66. Medium MineMedium Mine ×2
    67. Converter
    68. Wind
    69. Medium MineMedium Mine ×2
    70. Wind ×2
    71. JaguarJaguar
    72. Wind ×2
    73. Medium MineMedium Mine ×2
    74. CitadelAnti-nukenot finished by 15:00
    75. Wind ×2
    76. Medium MineMedium Mine
    77. Wind
    78. JaguarJaguar
    79. Medium MineMedium Mine
    80. Converter ×2
    81. Medium MineMedium Mine ×2
    82. Wind
    83. JaguarJaguar
    84. Wind
    85. Converter
    86. Wind
    87. Medium MineMedium Mine ×2
    88. JaguarJaguar
    89. Wind ×2
    90. Medium MineMedium Mine ×2
    91. Wind ×2
    92. Medium MineMedium Mine ×3
    93. Wind ×2
    94. Advanced Construction VehicleT2 con vehicle
    95. Wind ×3
    96. Converter ×2
    97. Wind ×3
    98. JaguarJaguar
    99. Wind ×3
    100. JaguarJaguar
    101. Wind ×3
    102. Converter
    103. Wind
    104. Converter
    105. Fortification WallFortification Wall
    106. Wind
    107. Fortification WallFortification Wall
    108. Converter
    109. Advanced Vehicle PlantEat Advanced Vehicle Plantreclaimed for its metal
    110. Vehicle PlantVehicle Plantdone 14:19
    111. Wind
    112. Fortification WallFortification Wall
    113. Wind ×2
    114. Vehicle PlantVehicle Plantdone 14:31
    115. StoutStout
    116. Wind
    117. Fortification WallFortification Wall
    118. Wind ×2
    119. BlitzBlitz
    120. Wind ×3
    121. StoutStout
    122. Wind
    123. Fortification WallFortification Wall
    124. StoutStout
    125. Wind
    126. Fortification WallFortification Wall
    127. Converter
    128. BlitzBlitz
    129. Wind
    130. BlitzBlitz
    131. Converter ×2
    132. Vehicle PlantEat Vehicle Plantreclaimed for its metal
    133. Wind ×3
    134. Converter
    135. Wind

Counts are medians over the build's games: half of them build more, half fewer. The example game is iriS_xe's (30 OS, 28/09/2026); pick another.

Team trades

IN AT LEAST 30% OF ITS GAMES

You hand over

  • Lazarus1 Lazarus to Beach seafirst at 2:17 · in 76% of games
  • Construction Bot1 Con bot to Beach seafirst at 2:27 · in 87% of games
  • Advanced Construction Vehicle1 T2 con vehicle to Suicide front or Frontfirst at 8:48 · in 63% of games

You get

  • Advanced Construction Bot1 T2 con bot from Techfirst at 4:52 · in 95% of games

How it plays out

Typical game of this build, running totals by minute

Metal produced

020k40k
0:005:0010:0015:00

metal

Enemy metal destroyed

05k10k15k
0:005:0010:0015:00

metal

Own metal lost

02k4k6k
0:005:0010:0015:00

metal

1529 games.

Show as table
ByMetal produced: This buildEnemy metal destroyed: This buildOwn metal lost: This build
1:0033300
2:0085500
3:00152700
4:00267200
5:00369500
6:00564300
7:00802500
8:001134300
9:00144064384
10:0017280480200
11:00201251745520
12:002300136141608
13:002573958262980
14:002858982224440
15:0031360101725610
WHAT THE NUMBERS SAY

Standard Geo play wins about half its games while destroying the most enemy metal by 15:00 among the roles shown here.

  • + Enemy metal destroyed jumps to 10560 by 15:00, highest of all six builds.
  • + Starlight makes up 34% of army, delivering the long-range T2 push.
  • − Own metal lost reaches 5977 by 15:00 from the aggressive T2 push.
  • − First Starlight only arrives in 60% of games, a late or inconsistent push.
THE EXAMPLE YOU ARE READING

iriS_xe

30.5 OS · 28/09/2026

Open source match ↗

3 received units · includes a constructor
2295 metal received · 111688 energy received

Allied construction assistance is unknown. Timings are observations, not a promise of solo reproducibility.

Typical milestones

Bot Lab1:11Middle 50%: 0:58–1:21 · n=1528
Geothermal Powerplant3:29Middle 50%: 3:12–3:47 · n=1521
Advanced Metal Extractor5:38Middle 50%: 5:21–6:01 · n=1520
Vehicle Plant7:06Middle 50%: 6:39–7:32 · n=1479
Advanced Geothermal Powerplant7:11Middle 50%: 6:51–7:42 · n=1107
Advanced Vehicle Plant8:02Middle 50%: 7:40–8:33 · n=1414
Starlight9:03Middle 50%: 8:32–9:47 · n=1278

Played most by

0neTw0120games of this buildzeus_on_god117games of this buildXad54games of this buildTheGeneraI46games of this buildViltrum41games of this build